[Event "Late-Titled-Tuesday-Blitz-April-30-2024"]
[Site "Chess.com"]
[Date "2024.04.30"]
[Round "3"]
[White "m_ezat"]
[Black "ferdipy"]
[Result "1-0"]
[WhiteElo "2523"]
[BlackElo "2283"]
[TimeControl "180+1"]
[EndTime "14:29:49 PDT"]
[Termination "m_ezat won on time"]

1. d4 e5 2. dxe5 d6 3. Nf3 Nc6 4. e4 Bg4 5. Bb5 dxe5 6. Nbd2 Bd6 7. Nc4 Qe7 8. Ne3 Bxf3 9. Qxf3 O-O-O 10. c3 Nf6 11.
O-O Nb8 12. Nf5 Qf8 13. Bg5 h6 14. Bxf6 gxf6 15. Qh3 Nd7 16. Rad1 Rg8 17. c4 a6 18. Bxd7+ Rxd7 19. c5 Bxc5 20. Rxd7 Kxd7 21. Nxh6+ Kc6 22. Nxg8 Qxg8 23. Rb1 Qg6 24. Qf3 Bd4 25. h4 Qh6 26. Rd1 Qxh4 27. g3 Qg5 28. Kg2 Kb6 29. Qb3+ Ka7 30.
Qxf7 c5 31. Rh1 Qd2 32. Qxf6 Qxb2 33. Rh6 c4 34. Rh1 c3 35. Rf1 c2 36. Qg5 Qxa2 37. Qd2 Qc4 38. Rc1 Qc6 39. Qxc2 Qf6 40. Rb1 Bb6 41. Qa2 Qd6 42. Qe2 Qf6 43. Qb2 Qd6 44.
Qc3 Qf6 45. Qf3 Qd6 46. g4 Qh6 47. Qg3 Qg5 48. Rd1 Qg6 49. Qf3 Qg5 50. Rd7 Qg8 51. Qf5 Qa2 52. Qf7 Qxf7 53. Rxf7 a5 54. g5 a4 55. g6 a3 56. Rf3 1-0

[Event "Late-Titled-Tuesday-Blitz-April-30-2024"]
[Site "Chess.com"]
[Date "2024.04.30"]
[Round "3"]
[White "FabianoCaruana"]
[Black "super_emi_26"]
[Result "1-0"]
[WhiteElo "3099"]
[BlackElo "2757"]
[TimeControl "180+1"]
[EndTime "14:29:50 PDT"]
[Termination "FabianoCaruana won by resignation"]

1. c4 g6 2. Nc3 Bg7 3. d4 d6 4.
e4 b6 5. f4 Bb7 6. Nf3 e6 7.
Bd3 Ne7 8. O-O O-O 9. Be3 f5 10. e5 Qd7 11. Qe2 Nbc6 12. Rad1 Nb4 13. Bb1 d5 14. a3 Nbc6 15. c5 a5 16. Bd3 Na7 17. b4 axb4 18. axb4 c6 19. Ra1 Rfb8 20. cxb6 Nac8 21.
Na4 Rxa4 22. Rxa4 Nxb6 23. Ra5 Nec8 24. Rfa1 Bf8 25. Bd2 Be7 26. Bc3 Kg7 27. Nd2 h6 28. Nb3 Nc4 29. Bxc4 dxc4 30. Nc5 Bxc5 31. dxc5 Ne7 32.
Qxc4 Nd5 33. Bd2 Ne7 34. Be1 Nd5 35. R1a3 g5 36. fxg5 hxg5 37. h3 f4 38. Bf2 Qf7 39. Ra7 Kh6 40. Qe4 Rd8 41. b5 Rd7 42. b6 Ne7 43.
Rd3 Nf5 44. Rxd7 Qxd7 45. Kh2 Kh5 46. Qf3+ Kg6 47. h4 gxh4 48. Qxf4 Kf7 49. Qg5 Kf8 50.
Bxh4 Qf7 51. Qd8+ Kg7 52. Qf6+ 1-0

[Event "Late-Titled-Tuesday-Blitz-April-30-2024"]
[Site "Chess.com"]
[Date "2024.04.30"]
[Round "3"]
[White "OparinGrigoriy"]
[Black "CarlosjPineror"]
[Result "0-1"]
[WhiteElo "2979"]
[BlackElo "2709"]
[TimeControl "180+1"]
[EndTime "14:29:51 PDT"]
[Termination "CarlosjPineror won by checkmate"]

1. g3 Nf6 2. Bg2 g6 3. c4 Bg7 4. Nc3 O-O 5. Nf3 d6 6. O-O c6 7. d4 Qa5 8. e4 Qh5 9. e5 dxe5 10.
dxe5 Ne8 11. Bg5 f6 12. exf6 exf6 13. Be3 Bg4 14. Qb3 Rf7 15. Nd4 Na6 16. Nde2 Bxe2 17.
Nxe2 Qxe2 18. c5 f5 19. Rab1 Nf6 20. Rfe1 Qg4 21. a3 Bf8 22. h3 Qh5 23. Qc4 Rd8 24. b4 Nc7 25. Bd4 Nfd5 26. f4 Bg7 27. Bxg7 Rxg7 28. Re5 Rgd7 29. Rbe1 Qh6 30. a4 Qg7 31. b5 Qf7 32. Qb3 a5 33. bxc6 bxc6 34. Qb7 Nb4 35. Bxc6 Nxc6 36. Qxc6 Rd3 37. Kh2 Rd2+ 38. R1e2 Qc4 39.
Qg2 Rxe2 40. Rxe2 Qxc5 41. Rc2 Qd6 42. Qe2 Ne6 43. Qc4 Kg7 44. Re2 Nd4 45. Re3 Rd7 46. h4 h5 47. Qc3 Kh7 48. Re8 Qd5 49. Qc8 Nf3+ 50. Kh3 Ng1+ 51. Kh2 Nf3+ 52. Kh3 Ng5+ 53. Kh2 Qa2+ 54. Kg1 Rd1+ 55. Re1 Rxe1# 0-1

[Event "Late-Titled-Tuesday-Blitz-April-30-2024"]
[Site "Chess.com"]
[Date "2024.04.30"]
[Round "3"]
[White "Sergey_70"]
[Black "NowInChess"]
[Result "0-1"]
[WhiteElo "2478"]
[BlackElo "2264"]
[TimeControl "180+1"]
[EndTime "14:29:51 PDT"]
[Termination "NowInChess won by checkmate"]

1. e4 e6 2. d4 d5 3. Nc3 Nc6 4. Nf3 Nf6 5. e5 Ne4 6. a3 Nxc3 7. bxc3 f6 8. Nh4 Qe7 9. Bd3 fxe5 10. Qh5+ Qf7 11.
Ng6 e4 12. Nxh8 Qxh5 13. Be2 Qf5 14. O-O Bd7 15. f3 Qh5 16. Bd1 e3 17. Bxe3 Bd6 18.
f4 Qf5 19. Be2 O-O-O 20. Bd3 Qf8 21. c4 Qxh8 22. cxd5 exd5 23. f5 Rf8 24. c3 Rf7 25.
Rae1 Qf8 26. g4 h6 27. a4 Qd8 28. Re2 Qh4 29. Rg2 Na5 30. Rf3 Nc4 31. Bf2 Qg5 32.
h4 Qc1+ 33. Bf1 Nd2 34. Be3 Nxf3+ 35. Kf2 Nd2 36. Bd3 Qxc3 37. Ke2 Ne4 38. g5 Qb2+ 39. Kf3 Qc3 40. Ke2 hxg5 41. hxg5 Bb4 42. Rg1 Bxf5 43. g6 Bxg6 44. Rc1 Qb2+ 45. Rc2 Qb3 46.
Bf4 Ng3+ 47. Kf3 Qxd3+ 48. Kg4 Qxc2 49. Kxg3 Qf5 50. Be5 Qf3+ 51. Kh4 Qh5+ 52. Kg3 Rf3+ 53. Kg2 Qh3+ 54. Kg1 Rf1# 0-1

[Event "Late-Titled-Tuesday-Blitz-April-30-2024"]
[Site "Chess.com"]
[Date "2024.04.30"]
[Round "3"]
[White "Njal28"]
[Black "oskariot"]
[Result "1-0"]
[WhiteElo "3093"]
[BlackElo "2736"]
[TimeControl "180+1"]
[EndTime "14:29:53 PDT"]
[Termination "Njal28 won on time"]

1. e4 c5 2. Nf3 e6 3. Nc3 d6 4. g3 Nc6 5. Bg2 Nf6 6. O-O Be7 7.
d4 cxd4 8. Nxd4 Bd7 9. Be3 a6 10. g4 Nxd4 11. Qxd4 e5 12. Qb4 d5 13. Bc5 d4 14.
Nd5 Nxd5 15. exd5 a5 16. Qa3 Rc8 17. d6 Bg5 18. Bxb7 Rb8 19. Bg2 O-O 20. Rae1 Bf4 21.
h3 f5 22. Ba7 Rc8 23. g5 Qxg5 24. Kh1 Qh6 25. c4 dxc3 26. bxc3 Bc6 27. c4 e4 28. c5 e3 29. Rxe3 Bxe3 30. Qxe3 f4 31. Qb3+ Kh8 32. Bxc6 Rxc6 33. Qf3 Rcc8 34. Bb6 Qe6 35. Rd1 Qd7 36.
Qg4 Qc6+ 37. Kg1 f3 38. d7 Rcd8 39. Bxd8 Rxd8 40. Qg5 Qc7 41. c6 h6 42. Qe7 Kh7 43.
Qe4+ Kg8 44. Qxf3 Qe5 45. Qd5+ Qxd5 46. Rxd5 Kf7 47. c7 Rxd7 48. Rxd7+ 1-0

[Event "Late-Titled-Tuesday-Blitz-April-30-2024"]
[Site "Chess.com"]
[Date "2024.04.30"]
[Round "3"]
[White "SCIM"]
[Black "CMButgood"]
[Result "1-0"]
[WhiteElo "2543"]
[BlackElo "2092"]
[TimeControl "180+1"]
[EndTime "14:29:55 PDT"]
[Termination "SCIM won on time"]

1. e4 c5 2. Nf3 d6 3. c3 Nf6 4.
h3 Bd7 5. Bd3 e5 6. Bc2 Nc6 7.
O-O Be7 8. Re1 Rc8 9. d3 O-O 10. Nbd2 Re8 11. Nf1 Bf8 12. Ng3 g6 13. Be3 Bg7 14. Qd2 b5 15. Rad1 b4 16. Bb3 bxc3 17.
bxc3 Na5 18. Bc2 Rb8 19. Rb1 Qc7 20. Bh6 Bh8 21. Nh2 Rxb1 22. Rxb1 Rb8 23. Ne2 Rxb1+ 24. Bxb1 Qb6 25. Qc1 Bg7 26. Be3 d5 27. d4 exd4 28. cxd4 c4 29. e5 Ne8 30. Nc3 Nc7 31. Ng4 h5 32. Nh6+ Kf8 33. Qa3+ Ke8 34. Bc2 Bf8 35. Qc1 Bxh6 36. Bxh6 Qxd4 37. Qa3 Ne6 38. Qxa5 Qxe5 39. Nxd5 Bc6 40. Be4 f5 41. Nf6+ Qxf6 42. Bxc6+ Kf7 43. Qxa7+ Qe7 44. Qxe7+ Kxe7 45. Bd5 1-0

[Event "Late-Titled-Tuesday-Blitz-April-30-2024"]
[Site "Chess.com"]
[Date "2024.04.30"]
[Round "3"]
[White "shirovin"]
[Black "FREZZY23"]
[Result "1-0"]
[WhiteElo "2073"]
[BlackElo "2368"]
[TimeControl "180+1"]
[EndTime "14:29:55 PDT"]
[Termination "shirovin won by checkmate"]

1. e4 c5 2. Nf3 d6 3. d4 cxd4 4. Nxd4 Nf6 5. Nc3 a6 6. Bg5 e6 7. f4 Be7 8. Qf3 Qc7 9. O-O-O Nbd7 10. g4 h6 11. Bxf6 Bxf6 12. h4 b5 13. Bg2 Bb7 14.
g5 Bxd4 15. Rxd4 O-O-O 16. Rhd1 hxg5 17. hxg5 Nb6 18. Bf1 Qc6 19. Qf2 Kb8 20. Qd2 Kc7 21. Kb1 d5 22. exd5 Nxd5 23. Nxd5+ Rxd5 24. Rxd5 Qxd5 25. Qa5+ Kc6 26. Rxd5 exd5 27. Bg2 Rh2 28. Qc3+ Kd7 29. Qg3 Rh8 30. b3 Re8 31. Bh3+ Kc6 32. a3 g6 33. f5 Re4 34. Bg2 Re8 35. fxg6 fxg6 36. Qc3+ Kd6 37. Qf6+ Re6 38. Qf4+ Kd7 39. Bh3 Bc6 40. Qf7+ Kd6 41. Qxe6+ Kc5 42. b4+ Kb6 43.
Qe3+ Kc7 44. Qc5 Kb7 45. Be6 a5 46. Bxd5 Bxd5 47. Qxd5+ Kb6 48. bxa5+ Kxa5 49. Qe6 Ka4 50. Qxg6 Kxa3 51. Qf6 b4 52. g6 b3 53. Qa6+ Kb4 54.
Qb6+ Kc3 55. Qxb3+ Kd2 56. Qd3+ Ke1 57. g7 Kf2 58.
g8=Q Ke1 59. Qe6+ Kf2 60. Qdf5+ Kg3 61. Qeg6+ Kh4 62. Qfh5# 1-0

[Event "Late-Titled-Tuesday-Blitz-April-30-2024"]
[Site "Chess.com"]
[Date "2024.04.30"]
[Round "3"]
[White "mr_gustavo"]
[Black "SpeedofLight0"]
[Result "0-1"]
[WhiteElo "2711"]
[BlackElo "3031"]
[TimeControl "180+1"]
[EndTime "14:29:56 PDT"]
[Termination "SpeedofLight0 won on time"]

1. c4 d6 2. Nf3 g6 3. d4 Bg7 4. g3 Bd7 5. Bg2 Qc8 6. h4 Nf6 7. Nc3 O-O 8. Bg5 Nc6 9. Qd2 e5 10. dxe5 dxe5 11. Bxf6 Bxf6 12. Ne4 Bg7 13. h5 Bf5 14.
Nc3 Nb4 15. h6 Bh8 16. O-O Rd8 17. Qg5 f6 18. Qc1 c6 19. a3 Nc2 20. Ra2 Nd4 21.
Nxd4 exd4 22. Ne4 Qe6 23. Qf4 g5 24. Qf3 Bg4 25. Qd3 Re8 26. b4 Bf5 27. f3 Bg6 28.
Rd2 Rad8 29. Nc5 Qe5 30. e4 b6 31. f4 gxf4 32. gxf4 Qh5 33. f5 bxc5 34. fxg6 hxg6 35. Bf3 Qe5 36. Rg2 Kh7 37. bxc5 Rg8 38. Rb1 Rd7 39.
Kh1 Qxc5 40. Rbg1 Qe5 41. Bg4 Rdd8 42. Qf3 Rde8 43. Bf5 gxf5 44. Rg7+ Bxg7 45. hxg7 Qxe4 0-1

[Event "Late-Titled-Tuesday-Blitz-April-30-2024"]
[Site "Chess.com"]
[Date "2024.04.30"]
[Round "3"]
[White "GP9isback23"]
[Black "ExchangeAB"]
[Result "0-1"]
[WhiteElo "2618"]
[BlackElo "2452"]
[TimeControl "180+1"]
[EndTime "14:29:56 PDT"]
[Termination "ExchangeAB won by resignation"]

1. d4 d5 2. Nf3 Nf6 3. c4 c6 4. e3 Bf5 5. Bd3 Bxd3 6. Qxd3 e6 7. O-O Be7 8. Nc3 O-O 9. e4 dxe4 10. Nxe4 Nxe4 11. Qxe4 Nd7 12. Rd1 Nf6 13. Qe2 Qa5 14. Bg5 h6 15. Bh4 Rad8 16. Rd3 a6 17. b3 Rfe8 18.
Rad1 Nh5 19. Bg3 Nxg3 20. hxg3 Bf6 21. g4 Rd7 22. Ne5 Bxe5 23. dxe5 Rxd3 24. Rxd3 b5 25. c5 Qb4 26. Qe3 Qxg4 27. Rd6 Rc8 28. Qd3 Qg5 29.
Qd4 g6 30. Rd7 h5 31. a4 bxa4 32. bxa4 Rb8 33. g3 h4 34. Qxh4 Qxh4 35. gxh4 Rb4 36. Rd6 Rxh4 37. Rxc6 Rxa4 38. Kg2 Re4 39. Rxa6 Rxe5 40.
Rc6 Kf8 41. Rc7 Kg7 42. Kg3 Kf6 43. f3 Re2 44. Kf4 Rc2 45. Ke4 g5 46. Kd3 Rc1 47. Kd2 Rf1 48. Ke2 Ra1 49. Rb7 Ra5 50. Rc7 Kg6 51. Rc6 Kf5 52. Rc7 f6 53. c6 Rc5 54.
Rc8 Ke5 55. c7 f5 56. Rg8 Rxc7 57. Rxg5 Kf4 58. Rg6 e5 59. Ra6 Rc2+ 60. Kd1 Rc3 61.
Ke2 Re3+ 62. Kd2 Kxf3 0-1

[Event "Late-Titled-Tuesday-Blitz-April-30-2024"]
[Site "Chess.com"]
[Date "2024.04.30"]
[Round "3"]
[White "rezamahdavi2008"]
[Black "Rakitic2010"]
[Result "1-0"]
[WhiteElo "2916"]
[BlackElo "2520"]
[TimeControl "180+1"]
[EndTime "14:29:57 PDT"]
[Termination "rezamahdavi2008 won by checkmate"]

1. d4 Nf6 2. c4 e6 3. Nf3 c5 4. d5 exd5 5. cxd5 d6 6. Nc3 g6 7.
e4 Bg7 8. Nd2 O-O 9. Be2 Re8 10.
O-O Nbd7 11. a4 a6 12. Nc4 Ne5 13. Nxe5 Rxe5 14. Bf4 Re8 15. Bf3 Rb8 16. Qd3 Bg4 17. h3 Bxf3 18. Qxf3 Nh5 19. Bh2 Qe7 20. Qd3 Be5 21.
Bxe5 Qxe5 22. a5 Nf4 23. Qf3 Re7 24. Rfe1 Rbe8 25. Rad1 Kg7 26. Re3 Qg5 27. Kh2 Nh5 28.
Rde1 Qf4+ 29. Qxf4 Nxf4 30. g3 Nh5 31. f4 f6 32. Kg2 Kf7 33. Kf3 g5 34. f5 Ng7 35.
Na4 h5 36. Nb6 Rd8 37. Nc4 Ne8 38. Rb3 Nc7 39. Rxb7 Nxd5 40. Rxe7+ Nxe7 41. Rd1 d5 42. exd5 Rxd5 43. Rxd5 Nxd5 44. Ke4 Nc7 45. Nd6+ Ke7 46. Nb7 c4 47. Kd4 Kd7 48. Nc5+ Kc6 49. Kxc4 Kd6 50. b4 h4 51. g4 Nd5 52. Nxa6 Nf4 53. Nc5 Nxh3 54. a6 Nf4 55. a7 Nd5 56. Ne4+ Ke5 57. Kc5 Nc7 58. b5 Kxe4 59. b6 Na6+ 60. Kb5 h3 61. a8=Q+ Kf4 62. Kxa6 Kxg4 63. b7 h2 64. b8=Q Kh4 65. Qxh2+ Kg4 66. Qe4# 1-0

[Event "Late-Titled-Tuesday-Blitz-April-30-2024"]
[Site "Chess.com"]
[Date "2024.04.30"]
[Round "3"]
[White "Bugcrusher"]
[Black "JustinWang1234"]
[Result "0-1"]
[WhiteElo "2525"]
[BlackElo "2994"]
[TimeControl "180+1"]
[EndTime "14:29:58 PDT"]
[Termination "JustinWang1234 won by resignation"]

1. d4 Nf6 2. c4 e6 3. Nf3 b6 4. e3 Bb7 5. Bd3 d5 6. O-O Bd6 7. Nc3 a6 8. cxd5 exd5 9. b3 Nbd7 10. Bb2 O-O 11. Ne2 Ne4 12. Ng3 g6 13. Ne5 Qe7 14.
Nxd7 Qxd7 15. Nxe4 dxe4 16. Be2 Bd5 17. f3 Qe6 18. fxe4 Bxe4 19. Bf3 Rae8 20. Bxe4 Qxe4 21.
Rf3 a5 22. d5 Bc5 23. Kh1 Rd8 24. Qe1 Bb4 25. Qg3 Bd6 26. Qh3 Be5 27. Bxe5 Qxe5 28. Raf1 Rxd5 29. Qh6 Qh5 30. Qf4 Qe5 31. Qh6 Qg7 32.
Qf4 Rd6 33. Qc4 c6 34. Qf4 Re6 35. Qc7 c5 36. h3 f5 37. Qf4 Qe5 38. Qc4 Qe4 39. Qb5 Rd8 40. Rg3 Qe5 41. Rf4 Qa1+ 42. Kh2 Rd1 43. Rgf3 Rh1+ 44. Kg3 Qe1+ 45. Rf2 Rxe3+ 46.
Kh4 Re4 47. Kg5 Rxf4 48. Rxf4 Qe7+ 49. Kh6 Qf8+ 50. Kg5 Kg7 51. Qd7+ Qf7 52. Qd8 h6+ 53. Kh4 g5+ 0-1

[Event "Late-Titled-Tuesday-Blitz-April-30-2024"]
[Site "Chess.com"]
[Date "2024.04.30"]
[Round "3"]
[White "simaopdias"]
[Black "el008"]
[Result "1-0"]
[WhiteElo "2327"]
[BlackElo "2537"]
[TimeControl "180+1"]
[EndTime "14:29:58 PDT"]
[Termination "simaopdias won by checkmate"]

1. e4 b6 2. d4 Bb7 3. Nc3 e6 4. a3 Nf6 5. Bd3 c5 6. dxc5 Bxc5 7. Nf3 O-O 8. O-O h6 9. e5 Nd5 10. Ne4 Be7 11. c4 Nc7 12. Qe2 Nc6 13. Bf4 Ne8 14. Rfd1 f5 15. exf6 Nxf6 16. Nxf6+ Rxf6 17. Bg3 a5 18.
Qe4 Rf5 19. Qg4 Rf6 20. Ne5 Bc5 21. Nxd7 Bd4 22. Nxf6+ Qxf6 23. Re1 Bxb2 24. Rad1 Re8 25. Bh4 g5 26. Bg3 Nd4 27. h4 e5 28. hxg5 hxg5 29. a4 Bc8 30. Qh5 Re7 31. f4 exf4 32. Rxe7 Qxe7 33. Re1 Be6 34. Qg6+ Kf8 35. Bf2 Qf7 36.
Qh6+ Qg7 37. Qh5 Bf7 38. Qg4 Kg8 39. Qd7 Nb3 40. Re7 Bd4 41. Bh7+ Qxh7 42. Bxd4 Qb1+ 43. Kh2 Qh7+ 44. Kg1 Qb1+ 45. Kf2 Qc2+ 46. Re2 Qg6 47. Qd8+ Be8 48. Qe7 Qf7 49. Qe5 Qg6 50. Qh8+ Kf7 51.
Qxe8# 1-0

[Event "Late-Titled-Tuesday-Blitz-April-30-2024"]
[Site "Chess.com"]
[Date "2024.04.30"]
[Round "3"]
[White "Shuvalov"]
[Black "Nick12772"]
[Result "1-0"]
[WhiteElo "2620"]
[BlackElo "2428"]
[TimeControl "180+1"]
[EndTime "14:29:59 PDT"]
[Termination "Shuvalov won by resignation"]

1. d4 Nf6 2. c4 g6 3. Nc3 d5 4. Nf3 Bg7 5. Qb3 c6 6. Bf4 O-O 7.
e3 b6 8. cxd5 cxd5 9. h3 Ba6 10.
Bxa6 Nxa6 11. O-O Nb8 12. Ne5 e6 13. Rfc1 Nfd7 14. Nf3 Nc6 15. Nb5 Na5 16. Qd1 Nf6 17. b3 Ne4 18. Rc2 a6 19. Nc7 Ra7 20. Rac1 Qd7 21.
Qd3 Rc8 22. Nxa6 Rxc2 23. Rxc2 h6 24. Nc7 Kh7 25. Nb5 Rb7 26. a4 Nc6 27. Rc1 Na5 28.
Qc2 Bf8 29. Ne5 Qe8 30. Nc6 Nxc6 31. Qxc6 Qxc6 32. Rxc6 Nd2 33. Bc7 Nxb3 34. Rxb6 Rxb6 35. Bxb6 Bb4 36. Kf1 Ba5 37. Bxa5 Nxa5 38. Nd6 Kg8 39. Ke2 Kf8 40. Kd3 Ke7 41. Nb5 Nc4 42. Nc3 Kd6 43. e4 Nb2+ 44. Kc2 Nc4 45. exd5 exd5 46. Kb3 Na5+ 47.
Kb4 Nc6+ 48. Kb5 Nxd4+ 49. Kb6 Nb3 50. a5 d4 51. Nb5+ Kd5 52. a6 Nc5 53. a7 Nd7+ 54. Kc7 Nf8 55. a8=Q+ 1-0

[Event "Late-Titled-Tuesday-Blitz-April-30-2024"]
[Site "Chess.com"]
[Date "2024.04.30"]
[Round "3"]
[White "Godzillator"]
[Black "JiiHart"]
[Result "1-0"]
[WhiteElo "2412"]
[BlackElo "2158"]
[TimeControl "180+1"]
[EndTime "14:30:01 PDT"]
[Termination "Godzillator won on time"]

1. e4 c5 2. Nc3 g6 3. g3 Bg7 4.
Bg2 Nc6 5. Nge2 e6 6. O-O Nge7 7. f4 d6 8. d3 f5 9. Kh1 Bd7 10. Be3 b6 11. Ng1 O-O 12. Qd2 a6 13. Rae1 Qc7 14.
Nd1 Rac8 15. Nf2 Rfe8 16. g4 e5 17. gxf5 gxf5 18. Nf3 Bf6 19. fxe5 dxe5 20. Bg5 Qd6 21. Bxf6 Qxf6 22. Rg1 Kh8 23. Qg5 Qxg5 24. Nxg5 Rf8 25. Bh3 Nd4 26. c3 Ndc6 27. Ref1 Rcd8 28. exf5 Nxf5 29. Nfe4 h6 30. Bxf5 Bxf5 31. Ng3 hxg5 32. Rxf5 Rxf5 33. Nxf5 Rxd3 34. Rxg5 e4 35. Rg6 Ne5 36. Re6 Nf3 37. Kg2 Rd2+ 38. Kg3 Rxh2 39. Rxe4 Rxb2 40. Kxf3 Rxa2 41. Ke3 Kh7 42. Re6 b5 43.
Rc6 b4 44. c4 b3 45. Rxc5 b2 46. Rc7+ Kg6 47. Ne7+ Kf6 48. Nd5+ Ke5 49. Rb7 Ra3+ 50. Kd2 Ra4 51. Kc3 Ra1 52. Rxb2 a5 53. Re2+ Kd6 54. Rh2 Rc1+ 55. Kb3 Kc5 56. Nc3 Rg1 57.
Rh5+ Kc6 58. Rxa5 Rg3 59. Kb4 Rg4 60. Ra6+ Kb7 61. Rh6 Rf4 62. Kb5 Rf5+ 63. c5 Rg5 64.
Rh7+ Kc8 65. Na4 Kd8 66. Nb6 Ke8 67. Rd7 Rg6 68. Rd6 Rxd6 69. cxd6 Kd8 70. Kc6 1-0

[Event "Late-Titled-Tuesday-Blitz-April-30-2024"]
[Site "Chess.com"]
[Date "2024.04.30"]
[Round "3"]
[White "grandmastergauri"]
[Black "luggevoila"]
[Result "1-0"]
[WhiteElo "2723"]
[BlackElo "2339"]
[TimeControl "180+1"]
[EndTime "14:30:02 PDT"]
[Termination "grandmastergauri won on time"]

1. e4 e5 2. Nf3 Nc6 3. Bc4 Nf6 4. d3 Bc5 5. c3 d6 6. a4 a5 7. O-O Ba7 8. h3 h6 9. Nbd2 g5 10. Qb3 Qe7 11. Bb5 g4 12. hxg4 Nxg4 13. d4 Bd7 14. Nc4 exd4 15. cxd4 Nxd4 16. Nxd4 Bxd4 17. Bxd7+ Qxd7 18. Qxb7 O-O 19. Qd5 Bg7 20. Ra3 Rfe8 21.
Qd1 Nf6 22. f3 d5 23. exd5 Bf8 24. Rd3 Bc5+ 25. Be3 Rxe3 26. Nxe3 Nxd5 27. Rxd5 Bxe3+ 28. Kh1 Qe7 29. Qe1 Re8 30. Qg3+ Kh7 31. Rh5 Qf6 32. Qh3 Rg8 33. Qf5+ Qxf5 34. Rxf5 Kg6 35. Rxa5 Bd4 36. Rd5 c5 37. Rxd4 cxd4 38. b4 Rb8 39. b5 Ra8 40.
Ra1 d3 41. b6 d2 42. Rd1 Rxa4 43. Rxd2 Rb4 44. Rd6+ Kg7 45. Kh2 h5 46. Kg3 h4+ 47. Kh3 f6 48. Rc6 Kg6 49. Kh2 Kg5 50. Kg1 Kf4 51.
Rxf6+ Kg3 52. Rg6+ Kf4 53. Rg4+ 1-0

[Event "Late-Titled-Tuesday-Blitz-April-30-2024"]
[Site "Chess.com"]
[Date "2024.04.30"]
[Round "3"]
[White "diokletian"]
[Black "DominguezOnYoutube"]
[Result "0-1"]
[WhiteElo "2674"]
[BlackElo "2943"]
[TimeControl "180+1"]
[EndTime "14:30:03 PDT"]
[Termination "DominguezOnYoutube won on time"]

1. d4 Nf6 2. c4 e6 3. Nf3 d5 4. Nc3 Bb4 5. cxd5 exd5 6. Qa4+ Nc6 7. Bg5 h6 8. Bxf6 Qxf6 9. e3 O-O 10. Be2 Be6 11.
a3 Bxc3+ 12. bxc3 a6 13. O-O Bd7 14. Qb3 Qd6 15. Rfc1 b5 16. Nd2 Na5 17. Qb4 Nc4 18. Nxc4 bxc4 19. Rab1 Bf5 20. Qxd6 cxd6 21. Rb6 Rfd8 22.
Bf3 Be6 23. Rcb1 g5 24. g3 Kg7 25. Kg2 g4 26. Bd1 Bf5 27. R1b2 h5 28. Bc2 Bxc2 29. Rxc2 Kf6 30. Kf1 Ke6 31. Rcb2 h4 32. Rc6 hxg3 33. hxg3 Rdb8 34. Rcb6 Rh8 35. Ke2 Rh1 36. Rc6 Ra1 37. Rbb6 Rd8 38. Rxa6 Ra2+ 39. Kf1 Rc2 40. Rc7 Rb8 41.
Raa7 f6 42. Re7+ Kf5 43. e4+ dxe4 44. Ra5+ Kg6 45. Rxe4 f5 46. Re6+ Kg5 0-1

[Event "Late-Titled-Tuesday-Blitz-April-30-2024"]
[Site "Chess.com"]
[Date "2024.04.30"]
[Round "3"]
[White "youngdinousaur"]
[Black "Rytenko_V"]
[Result "0-1"]
[WhiteElo "2237"]
[BlackElo "2494"]
[TimeControl "180+1"]
[EndTime "14:30:03 PDT"]
[Termination "Rytenko_V won on time"]

1. d4 d5 2. Nf3 e6 3. Bf4 c5 4. e3 Nf6 5. c3 Qb6 6. Qc2 Bd7 7. Nbd2 Be7 8. Ne5 Bb5 9. h3 Bxf1 10.
Kxf1 Nbd7 11. g4 Nxe5 12. Bxe5 Rc8 13. Kg2 O-O 14. Qb3 Qc6 15. Bg3 Nd7 16. Nf3 Kh8 17. Ne5 Nxe5 18. Bxe5 f6 19. Bg3 a6 20. f3 b5 21. a3 Bd6 22. Rhe1 Bxg3 23. Kxg3 Qd6+ 24.
Kg2 e5 25. dxc5 Rxc5 26. Rad1 Qc6 27. e4 d4 28. cxd4 Rc2+ 29. Kg3 exd4 30. Rxd4 Qc7+ 31.
f4 g5 32. e5 fxe5 33. fxe5 Rff2 34. Qd5 Rg2+ 35. Qxg2 Rxg2+ 36. Kxg2 Qc2+ 37. Kf3 Qxb2 38. Rde4 Kg7 39. e6 Kf8 40. e7+ Ke8 41. R1e3 Qf6+ 42. Kg3 Qd6+ 43. Kg2 a5 44. Rf3 Qd2+ 45. Rf2 Qd5 0-1

[Event "Late-Titled-Tuesday-Blitz-April-30-2024"]
[Site "Chess.com"]
[Date "2024.04.30"]
[Round "3"]
[White "kemelgallo"]
[Black "Cacriefils1984"]
[Result "1-0"]
[WhiteElo "2595"]
[BlackElo "2366"]
[TimeControl "180+1"]
[EndTime "14:30:04 PDT"]
[Termination "kemelgallo won on time"]

1. e4 Nc6 2. Nf3 d6 3. d4 Nf6 4.
Nc3 g6 5. Be2 Bg7 6. O-O O-O 7. Re1 a6 8. h3 b5 9. Bf1 e5 10. dxe5 Nxe5 11. Nxe5 dxe5 12. Be3 Bb7 13. Bc5 Re8 14. a4 bxa4 15. f3 Nh5 16. Rxa4 Qg5 17. Ne2 Bh6 18. Qd7 Rac8 19. Raa1 Red8 20. Qe7 Qxe7 21.
Bxe7 Rd2 22. Rac1 Rd7 23. Ba3 Bxc1 24. Rxc1 Rcd8 25. Nc3 Rd2 26. Bc5 Nf4 27. Be3 R2d7 28. g3 Ne6 29. Na4 Nd4 30. Kf2 Rd6 31. Nc5 Rb8 32.
c3 Nb5 33. Bc4 Kg7 34. h4 Rb6 35. Nd7 Bc6 36. Nxb8 Rxb8 37. b4 Nd6 38. Be2 Bb5 39.
Bc5 Nc4 40. Rd1 Kf6 41. g4 Ke6 42. Be3 Nxe3 43. Kxe3 Ke7 44. c4 Bc6 45. Rb1 Rd8 46.
b5 axb5 47. cxb5 Bb7 48. Rc1 Rd7 49. Rc5 Kd6 50. Rc3 Ke6 51. h5 1-0

[Event "Late-Titled-Tuesday-Blitz-April-30-2024"]
[Site "Chess.com"]
[Date "2024.04.30"]
[Round "3"]
[White "Jahonas"]
[Black "HajiyevKanan"]
[Result "0-1"]
[WhiteElo "2397"]
[BlackElo "2614"]
[TimeControl "180+1"]
[EndTime "14:30:06 PDT"]
[Termination "HajiyevKanan won by resignation"]

1. d4 d5 2. c4 c6 3. cxd5 cxd5 4. Nc3 Nf6 5. Nf3 a6 6. Bf4 Nc6 7. e3 Bg4 8. Bd3 e6 9. h3 Bh5 10. O-O Be7 11. a3 O-O 12. Qe2 Rc8 13. Rac1 Na5 14. g4 Bg6 15. Bxg6 hxg6 16. Ne5 Nc4 17. Nxc4 Rxc4 18. Nb1 b5 19. Nd2 Rc8 20. Qd3 Qb6 21. Kg2 a5 22. Bg3 b4 23. a4 Rc6 24. Nb3 Rfc8 25.
Rxc6 Rxc6 26. Rc1 Rxc1 27. Nxc1 Qc6 28. Qd1 Ne4 29. Nd3 Qc4 30. f3 Nxg3 31. Kxg3 Bd6+ 32. Kf2 b3 33. Nc1 Qxa4 34. Qxb3 Qa1 35. Qc2 Bb4 36.
h4 Be7 37. h5 gxh5 38. gxh5 Bh4+ 39. Ke2 Bf6 40. Qc8+ Kh7 41. Qc2+ Kh6 42. Kd1 Kxh5 43. Qh7+ Kg5 44. Qg8 Kg6 45. Qc8 Qxb2 46. Nd3 Qb1+ 47.
Ke2 Kh7 48. Nf4 Qb2+ 49. Kf1 g6 50. Qf8 Qb7 51. Kg2 Bg7 52. Qd8 a4 53. Qh4+ Kg8 54.
Qg4 a3 55. Nxe6 a2 56. Nc5 Qb2+ 57. Kg3 a1=Q 58. Qc8+ Kh7 59. Qh3+ Bh6 0-1

[Event "Late-Titled-Tuesday-Blitz-April-30-2024"]
[Site "Chess.com"]
[Date "2024.04.30"]
[Round "3"]
[White "Abund"]
[Black "NoSpaghettiForYou"]
[Result "1-0"]
[WhiteElo "2775"]
[BlackElo "2500"]
[TimeControl "180+1"]
[EndTime "14:30:08 PDT"]
[Termination "Abund won by resignation"]

1. e4 c5 2. Nf3 Nc6 3. Bb5 Nf6 4. Bxc6 dxc6 5. d3 Qc7 6. e5 Nd5 7. h3 g6 8. Qe2 Bg7 9. O-O h6 10. Nbd2 Be6 11. Ne4 b6 12. Re1 Bxe5 13. Nxc5 Bh2+ 14. Nxh2 bxc5 15. Nf3 g5 16. Ne5 Nf4 17. Bxf4 gxf4 18.
Qe4 Rg8 19. Qxf4 O-O-O 20. Qh2 Bd5 21. f3 f6 22. Ng4 h5 23. Qxc7+ Kxc7 24. Nh2 e5 25. Kf2 a5 26. Nf1 Rb8 27. b3 a4 28.
Ne3 Bf7 29. Rg1 Rb4 30. g4 h4 31. Rge1 Ra8 32. Ng2 Rh8 33. Re4 Kd7 34. Ne3 a3 35.
Re1 Bd5 36. Rxb4 cxb4 37. Nf5 Be6 38. Ne3 Bf7 39. f4 exf4 40. Ng2 Re8 41. Rxe8 Kxe8 42. Nxh4 Ke7 43. Ng2 f5 44. g5 Ke6 45. Nxf4+ Ke5 46. Ke3 c5 47. h4 Bg8 48. h5 Kd6 49. h6 Ke7 50. g6 Kf6 51. h7 Bxh7 52. gxh7 1-0

[Event "Late-Titled-Tuesday-Blitz-April-30-2024"]
[Site "Chess.com"]
[Date "2024.04.30"]
[Round "3"]
[White "acertijo08"]
[Black "Caterpiller35"]
[Result "1/2-1/2"]
[WhiteElo "2283"]
[BlackElo "2500"]
[TimeControl "180+1"]
[EndTime "14:30:08 PDT"]
[Termination "Game drawn by agreement"]

1. d4 Nf6 2. c4 g6 3. Nc3 Bg7 4. e4 d6 5. f3 O-O 6. Be3 c5 7. Nge2 Nc6 8. Qd2 Qa5 9. h4 cxd4 10. Nxd4 Nxd4 11. Bxd4 Nh5 12. Bxg7 Kxg7 13. O-O-O Ng3 14. Rg1 Be6 15. Kb1 Rac8 16. Qd4+ Kg8 17. Bd3 Qc5 18. Qxc5 Rxc5 19. b3 a6 20. Ne2 Nxe2 21. Bxe2 Rfc8 22.
g4 b5 23. cxb5 axb5 24. f4 b4 25. f5 Bd7 26. Bc4 Re5 27. Rd4 Bc6 28. Bd3 Rb8 29. Rc1 Rc5 30. Kb2 Rxc1 31. Kxc1 gxf5 32. gxf5 Kg7 33. Bc4 Kf6 34. Kd2 Ke5 35. Ke3 Ra8 36.
Bxf7 Rxa2 37. Rxb4 Rh2 38. Bd5 Bxd5 39. exd5 Rh3+ 40. Kf2 Kxd5 41. Rb7 e6 42. fxe6 Kxe6 43. Rxh7 Rxb3 44. h5 Kf5 45. Rh8 Kg5 46. Rd8 Kxh5 47.
Rxd6 Kg5 48. Rd2 Rb4 1/2-1/2